← All builds
Tech / Armada / Economy first / OBSERVED BUILD

Standard tech

Armada Tech (Eco) build order · Supreme Isthmus

Rushes T2 by 4:15, gets Advanced Metal Extractor around 5:28, hands off T2 constructors to Geo and the team, then scales eco and supplies the team's T2 needs through the rest of the game.

Usually first T2 con to Geo (83%)

#eco #t2 #team support · 1579 distinct matches · 255 players · 58% of Armada Tech games · team won 53% of 1874 · Recently observed

HOW TO PLAY IT

Key timing: T2 factory by 4:15

  1. Open 3 mex and heavy wind to fund a fast T2 rush.
  2. Put down Bot Lab, planning to eat it for reclaim soon after.
  3. Get Advanced Bot Lab up, hitting the T2 factory rush timing.
  4. Upgrade mex to Advanced Metal Extractor to lock in team metal income.
  5. Eat Advanced Bot Lab and keep sending cons to Geo and Pond.

Phase by phase

TYPICAL OF ITS 1579 GAMES
  1. 1
  2. 2
  3. 3
  4. 4
PLAY THE OPENING

Follow the example game's first 6:00 step by step: what to build now, what comes next, and where it goes. At 1× it keeps pace with your own game.

  1. 1

    Up to the Bot Lab

    Economy
    • Metal Extractor3Mex
    • Wind Turbine4Wind
    Order
    1. Bot LabBot Lab after 3 mex, 4 winddone ~1:18, middle half 1:13–1:32

    Some games also: energy storage (31%)

    By 1:01 in all: 3 mex · 4 wind

    The example game in this phase · 4 steps
    1. Mex ×3
    2. Wind ×5
    3. Energy storage
    4. Bot LabBot Labdone 1:38 · typical 1:18
  2. 2

    Bot Lab to Advanced Bot Lab

    Economy
    • Metal Extractor1Mex
    • Wind Turbine8Wind
    • Energy Storage1Energy storage
    Order
    1. Advanced Bot LabAdvanced Bot Lab after 4 mex, 12 wind, 3 con turretdone ~4:16, middle half 4:04–4:30
    Builders
    • Construction Turret3 Con turret
    • Lazarus3 Lazarus
    • Construction Bot2 Con bot
    • Construction Bot1 Con bot for allies

    Some games also: converter (36%)

    By 3:18 in all: 4 mex · 12 wind · 1 energy storage · 3 con turret

    The example game in this phase · 16 steps
    1. LazarusLazarus
    2. Wind ×3
    3. Construction BotCon bot
    4. Wind ×3
    5. Construction BotCon bot
    6. Construction BotCon botfor Air
    7. Wind
    8. Con turret
    9. Wind
    10. Mex
    11. Wind
    12. Con turret ×2
    13. Wind
    14. Converter
    15. Wind ×4
    16. Advanced Bot LabAdvanced Bot Labdone 4:31 · typical 4:16
  3. 3

    Advanced Bot Lab to 5:00

    Economy
    • Wind Turbine3Wind
    Order
    1. Bot LabEat Bot Lab
    Builders
    • Advanced Construction Bot1 T2 con bot for allies

    Some games also: converter (35%)

    By 5:00 in all: 4 mex · 15 wind · 1 converter · 1 energy storage · 3 con turret

    The example game in this phase · 7 steps
    1. Wind ×2
    2. Energy storage
    3. Converter
    4. Bot LabEat Bot Labreclaimed for its metal
    5. Converter ×2
    6. Advanced Construction BotT2 con botfor Geo
    7. Advanced Metal ExtractorT2 mex ×2done 5:13 · typical 5:29
  4. 4

    5:00 to 10:00

    Economy
    • Wind Turbine43Wind
    • Energy Converter6Converter
    Builders
    • Butler9 Butler
    • Advanced Construction Bot4 T2 con bot for allies
    • Advanced Construction Bot1 T2 con bot

    Some games also: con turret (43%) · Butler for allies (36%)

    By 10:00 in all: 4 mex · 58 wind · 8 converter · 1 energy storage · 3 con turret

    The example game in this phase · 146 steps
    1. Advanced Construction BotT2 con botfor Air
    2. Advanced Metal ExtractorT2 mex
    3. Advanced Construction BotT2 con botfor Pond
    4. Solar ×2
    5. ButlerButler
    6. Solar
    7. ButlerButler
    8. Solar
    9. ButlerButler
    10. Solar
    11. Advanced Construction BotT2 con botfor Geo sea
    12. Solar
    13. ButlerButler
    14. Advanced Metal ExtractorT2 mex
    15. ButlerButler ×5
    16. Advanced Construction BotT2 con botfor Air
    17. Wind ×9
    18. Advanced Construction BotT2 con bot
    19. Wind
    20. Con turret
    21. Wind ×2
    22. Converter
    23. Wind ×3
    24. Converter
    25. Wind ×2
    26. Fusion ReactorFusiondone 10:30
    27. Wind
    28. Converter
    29. Wind ×3
    30. Converter
    31. Wind ×3
    32. Converter
    33. Wind ×4
    34. Converter
    35. Wind ×3
    36. Converter
    37. Wind ×2
    38. Converter
    39. Wind ×4
    40. Converter
    41. Wind ×4
    42. Converter
    43. Wind ×2
    44. Converter
    45. Wind ×4
    46. Converter
    47. T2 converter
    48. Wind ×2
    49. Fusion ReactorFusion
    50. Con turret
    51. Wind
    52. Converter
    53. UmbrellaAnti-nukedone 11:37
    54. Wind ×2
    55. Con turret
    56. Wind ×2
    57. Converter
    58. Con turret
    59. Wind ×2
    60. Converter
    61. Wind
    62. Con turret
    63. Wind ×3
    64. Converter
    65. Wind ×4
    66. Converter
    67. Wind ×2
    68. Converter
    69. Wind ×4
    70. Converter
    71. Wind ×6
    72. Converter
    73. Wind ×3
    74. Converter
    75. Wind ×4
    76. Converter
    77. Wind ×2
    78. Converter
    79. Wind ×4
    80. Converter
    81. Wind ×3
    82. Converter
    83. Wind ×3
    84. Converter
    85. Wind ×3
    86. Converter
    87. Wind ×2
    88. Advanced Fusion ReactorAdvanced Fusion Reactordone 14:54
    89. Con turret
    90. Converter
    91. Wind ×2
    92. Con turret
    93. Wind ×2
    94. Converter
    95. Wind ×2
    96. Con turret
    97. Wind ×2
    98. Converter
    99. Wind
    100. Con turret
    101. Wind ×2
    102. Converter
    103. Wind
    104. Con turret
    105. Wind ×2
    106. Converter
    107. Wind
    108. Con turret
    109. Wind
    110. Con turret
    111. Wind
    112. Converter
    113. Wind
    114. Con turret
    115. Advanced Bot LabEat Advanced Bot Labreclaimed for its metal
    116. Wind
    117. Converter
    118. Wind
    119. Converter
    120. Wind ×4
    121. Converter
    122. Wind ×3
    123. Converter
    124. Wind ×3
    125. Converter
    126. Wind ×3
    127. Converter
    128. Wind ×3
    129. Converter
    130. Wind ×4
    131. Converter
    132. Wind ×2
    133. Converter
    134. Wind ×3
    135. Converter
    136. Wind ×4
    137. Converter
    138. Wind ×2
    139. Converter
    140. Wind ×4
    141. Converter
    142. Wind ×2
    143. Converter
    144. Wind ×3
    145. Advanced Bot LabAdvanced Bot Labnot finished by 15:00
    146. Wind

Counts are medians over the build's games: half of them build more, half fewer. The example game is kiramako's (31 OS, 02/08/2026); pick another.

Team trades

IN AT LEAST 30% OF ITS GAMES

You hand over

  • Construction Bot1 Con bot to Airfirst at 2:23 · in 84% of games
  • Advanced Construction Bot5 T2 con bot to Air or Geo sea or Pondfirst at 4:50 · in 99% of games
  • Butler2 Butler to Geo sea or Beach sea or Pondfirst at 9:07 · in 42% of games

You get

  • Hercules1 Light transport from Airfirst at 4:01 · in 86% of games

How it plays out

Typical game of this build, running totals by minute

Metal produced

020k40k
0:005:0010:0015:00

metal

Enemy metal destroyed

050100
0:005:0010:0015:00

metal

Own metal lost

050100150
0:005:0010:0015:00

metal

1874 games.

Show as table
ByMetal produced: This buildEnemy metal destroyed: This buildOwn metal lost: This build
1:0038300
2:0091500
3:00165100
4:00314400
5:00484700
6:00580000
7:00722700
8:00906100
9:001117300
10:001350300
11:001624200
12:001965600
13:002344500
14:0027362073
15:003154285130
WHAT THE NUMBERS SAY

Standard Tech play barely fights at all early, instead pouring metal into T2 infrastructure and constructors for the team.

  • + Metal produced hits 31679 by 15:00, by far the highest of any role here.
  • + T2 factory reached in 97% of games by 4:15, fastest and most reliable T2 timing.
  • − Enemy metal destroyed stays at 0 through 10:00, no early offense at all.
  • − Own metal lost also near 0, showing total avoidance of combat risk.
THE EXAMPLE YOU ARE READING

kiramako

30.9 OS · 02/08/2026

Open source match ↗

2 received units · includes a constructor
2167 metal received · 161355 energy received

Allied construction assistance is unknown. Timings are observations, not a promise of solo reproducibility.

Typical milestones

Bot Lab1:18Middle 50%: 1:13–1:32 · n=1874
Advanced Bot Lab4:16Middle 50%: 4:04–4:30 · n=1867
Advanced Metal Extractor5:29Middle 50%: 5:05–5:59 · n=1870

Played most by

Amrissa93games of this buildTheGeneraI66games of this buildAdeus57games of this buildEl_Turco56games of this buildKOT_43games of this build
Standard tech · Armada Tech (Eco) build order · BAR Build Atlas